Unix NetHack Version 5.0.0-0 post-release - last build Jun 10 2026 00:39:30 (3ee93aec679c4c4259841fe613dc97188e26a321,branch:main).

Game began 2026-06-18 21:37:28, ended 2026-06-19 00:45:17.

Brudee, chaotic female human Rogue

                                  ?*        [      )
                                   $+                    )

                                        | ((
                                      [.-$((
                             (        ..  ((
                            )       .{.         (((
                                [  ..   )       (((   [
                             -----.|-            $
                              ..o...  (
                      --------....-----
                      |..@..h|d...-@%%|    ?
                      |._....@(...|$ %
                      |..)...|a...-                      $
                      -------|.......
                             ---------

Brudee the Rogue        St:18 Dx:17 Co:15 In:8 Wi:10 Ch:11  Chaotic S:2388
Dlvl:8  $:478 HP:0(40) Pw:22(22) AC:4  Xp:6/385 T:2849  Satiated

Latest messages:
 Suddenly, the dwarf falls into a hole.
 The gnome lord thrusts his short sword.
 The gnome lord hits!
 The invisible gnome lord jumps into a hole!
 You hit the gnome lord!
 The gnome shoots an arrow!
 The arrow hits the jackal.
 The jackal is killed!
 You kill the gnome lord!
 You miss the jackal.
 The jackal bites!
 You kill the jackal!
 You hit the gnome!
 The dwarf picks up a rusty +0 short sword.
 The gnome hits!
 You kill the gnome!
 The dwarf wields a rusty +0 short sword!
 The little dog bites!
 What do you want to eat? [r or ?*] ?
 What do you want to eat? [r or ?*] <space>
 Never mind.
 You hit the little dog!
 The little dog bites!
 The little dog bites!
 Showing known terrain only...
 (For instructions type a '?')
 Done.
 What do you want to eat? [r or ?*] ?
 This satiates your stomach!
 You stop eating the food ration.
 What do you want to eat? [ar or ?*] r
 You're having a hard time getting all of it down.
 You're finally finished.
 You hear someone cursing shoplifters.
 You hear a door open.
 You hit the dwarf.
 You hit the dwarf!
 You hit the dwarf!
 The dwarf jumps into a hole!
 You hit the soldier ant.
 The soldier ant bites!
 The soldier ant stings!
 You hit the soldier ant!
 The soldier ant bites!
 The soldier ant stings!
 The soldier ant bites!
 The soldier ant stings!
 You die...
 Do you want your possessions identified? [ynq] (y) y
 Do you want to see your attributes? [ynq] (y) q

Inventory:
 Coins    ('$')
  $ - 478 gold pieces
 Weapons  (')')
  u - a +0 dart
  b - a +0 dagger (alternate weapon; not wielded)
  o - a cursed +0 dwarvish spear
  n - a +0 dwarvish short sword (weapon in right hand)
  F - a blessed +1 scimitar
 Armor    ('[')
  G - a blessed +1 orcish helm (being worn)
  l - an uncursed +0 pair of elven boots (being worn)
  c - an uncursed +1 leather armor (being worn)
 Comestibles  ('%')
  a - an uncursed partly eaten food ration
 Scrolls  ('?')
  S - an uncursed scroll of confuse monster
  C - a cursed scroll of create monster
  V - an uncursed scroll of enchant weapon
  g - an uncursed scroll of remove curse
 Spellbooks  ('+')
  O - an uncursed spellbook of cancellation
  T - an uncursed spellbook of haste self
 Potions  ('!')
  d - an uncursed potion of sickness
  q - a potion of holy water named HOLY
  p - 2 uncursed potions of water
 Rings    ('=')
  i - a cursed ring of polymorph control
  j - an uncursed ring of protection from shape changers
 Wands    ('/')
  N - a wand of make invisible (0:7)
 Tools    ('(')
  f - an empty uncursed sack
  U - a bag of tricks (0:8)
  X - an uncursed brass lantern (lit)
  e - an uncursed lock pick
  h - an uncursed oil lamp
  R - a +0 pick-axe
 Gems/Stones  ('*')
  m - an uncursed opal
  D - an uncursed worthless piece of black glass
  k - 2 uncursed worthless pieces of orange glass
  Q - an uncursed worthless piece of red glass
  Y - an uncursed touchstone

Brudee the Rogue's attributes:

Background:
 You were a Rogue, level 6 female human.
 You were chaotic, on a mission for Kos
 who was opposed by Issek (lawful) and Mog (neutral).
 You were right-handed.
 You were in the Gnomish Mines, on level 8.
 You entered the dungeon 2849 turns ago.
 It was the midnight hour.
 You had 385 experience points, 255 more were needed to attain level 7.
 Your score was 2388 before end-of-game adjustments.

Basics:
 You had 0 out of 40 hit points.
 You had all 22 energy points (spell power).
 Your armor class was 4.
 Your wallet contained 478 zorkmids.
 Autopickup was on for '$!=+?/"' plus thrown.

Final Characteristics:
 Your strength was 18 (limit:18/100).
 Your dexterity was 17 (limit:18).
 Your constitution was 15 (limit:18).
 Your intelligence was 8 (limit:18).
 Your wisdom was 10 (limit:18).
 Your charisma was 11 (limit:18).

Final Status:
 You were satiated.
 You were unencumbered.
 You were wielding a short sword.
 You had basic skill with short sword.

Final Attributes:
 You were piously aligned.
 You saw invisible.
 You were stealthy.
 You were warded.
 You are dead.

Miscellaneous:
 You didn't encounter any bones levels.
 Total elapsed playing time was 1 hour, 28 minutes and 19 seconds.

Major events:
 Turn
    1: Brudee the chaotic female human Rogue entered the dungeon
  823: attained the rank of Cutpurse (level 3)
 1485: entered the Gnomish Mines
 2399: reached Mine Town
 2578: attained the rank of Rogue (level 6)
 2849: killed by a soldier ant

You didn't know any spells.

Skills:
 Fighting Skills
   bare handed combat [Unskilled]
   two weapon combat  [Unskilled]
   riding             [Unskilled]
 Weapon Skills
   dagger             [Basic]
   knife              [Unskilled]
   short sword        [Basic]
   broadsword         [Unskilled]
   long sword         [Unskilled]
   two-handed sword   [Unskilled]
   saber              [Unskilled]
   club               [Unskilled]
   mace               [Unskilled]
   morning star       [Unskilled]
   flail              [Unskilled]
   hammer             [Unskilled]
   polearms           [Unskilled]
   spear              [Unskilled]
   crossbow           [Unskilled]
   dart               [Unskilled]
   shuriken           [Unskilled]
 Spellcasting Skills
   divination spells  [Unskilled]
   escape spells      [Unskilled]
   matter spells      [Unskilled]

Voluntary challenges:
 Character rerolling was not enabled.
 You never genocided any monsters.
 You never polymorphed an object.
 You never changed form.
 You used no wishes.
Achievements:
 You entered a shop.
 You attained the rank of Cutpurse.
 You entered the Gnomish Mines.
 You entered Minetown.
 You entered a temple.
 You attained the rank of Rogue.

 The Dungeons of Doom: levels 1 to 5
    Level 1:
    Level 2:
       A food shop.
    Level 3:
       A scroll shop, an altar to Kos.
    Level 4:
       A grave.
       Stairs down to The Gnomish Mines.
    Level 5:
       A fountain.
 The Gnomish Mines: levels 5 to 8
    Level 5:
    Level 6:
    Level 7:
    Level 8: <- You were here.
       A temple and an altar to Kos, a fountain.
       Final resting place for
          you, killed by a soldier ant.


Vanquished creatures:
  4 gnome leaders
  a gnomish wizard
  a giant ant
  a little dog
  a floating eye
  3 dwarves
  a werejackal
  2 iguanas
 an acid blob
  3 coyotes
  2 hobbits
  4 manes
  a large kobold
  a hobgoblin
  a giant rat
  a yellow mold
  a green mold
 24 gnomes
  6 garter snakes
  5 jackals
  2 grid bugs
  a bat
  a lichen
  3 newts
71 creatures vanquished.

No species were genocided or became extinct.

Game over:
                       ----------
                      /          \
                     /    REST    \
                    /      IN      \
                   /     PEACE      \
                  /                  \
                  |      Brudee      |
                  |      478 Au      |
                  |   killed by a    |
                  |   soldier ant    |
                  |                  |
                  |                  |
                  |       2026       |
                 *|     *  *  *      | *
        _________)/\\_//(\/(/\)/\//\/|_)_______

Goodbye Brudee the Rogue...

You died in The Gnomish Mines on dungeon level 8 with 2341 points,
and 478 pieces of gold, after 2849 moves.
You were level 6 with a maximum of 40 hit points when you died.

